 Dungeon Crawl Stone Soup version 0.21.1-1-g345015f (webtiles) character file.

502 wilfster70 the Shield-Bearer (level 7, -12/49 HPs)
             Began as an Octopode Fighter on Feb 26, 2018.
             Mangled by a yak (13 damage)
             ... on level 5 of the Dungeon.
             The game lasted 00:17:04 (4436 turns).

wilfster70 the Shield-Bearer (Octopode Fighter)     Turns: 4436, Time: 00:17:05

Health: -12/49     AC:  1    Str: 21    XL:     7   Next: 17%
Magic:  7/7        EV: 13    Int: 12    God:
Gold:   209        SH: 10    Dex: 11    Spells: 6/6 levels left

rFire    . . .     SeeInvis .   a - +0 trident
rCold    . . .     Gourm    .   m - +0 shield
rNeg     . . .     Faith    .   (helmet restricted)
rPois    .         Spirit   .   (no amulet)
rElec    .         Reflect  .   (no ring)
rCorr    .         Harm     .   (no ring)
MR       .....                  (no ring)
Stlth    ++........             (no ring)
HPRegen  0.16/turn              (no ring)
MPRegen  0.10/turn              (no ring)
                                (no ring)
                                (no ring)

@: mighty
A: almost no armour, stealthy swim, amphibious, 8 rings, constrict 8, camouflage
1, gelatinous body 1
a: no special abilities


You were on level 5 of the Dungeon.
You were not hungry.

You visited 1 branch of the dungeon, and saw 5 of its levels.

You collected 209 gold pieces.

Inventory:

Hand Weapons
 a - a +0 trident (weapon)
 b - a +0 hunting sling
Missiles
 h - 117 stones (quivered)
 i - 78 sling bullets
Armour
 m - a +0 shield (worn)
Wands
 v - a wand of flame (24)
Scrolls
 g - 5 scrolls of identify
 p - a scroll of blinking {unknown}
 r - a scroll of remove curse
 t - a scroll of fog {unknown}
Potions
 e - 3 potions of agility
 f - a potion of curing {unknown}
 j - a potion of degeneration {unknown}
 k - 2 potions of brilliance {unknown}
 n - a potion of cancellation {unknown}
 o - a potion of berserk rage {unknown}
 q - a potion of resistance {unknown}
 s - a potion of heal wounds
Comestibles
 d - 7 rations
 u - 3 chunks of flesh


   Skills:
 + Level 4.7 Fighting
 + Level 4.0 Polearms
 + Level 4.6 Dodging
 + Level 4.7 Shields


You had 6 spell levels left.
You didn't know any spells.

Dungeon Overview and Level Annotations

Branches:
Dungeon (5/15)
 Temple: D:4-7

Altars:
Elyvilon


Innate Abilities, Weirdness & Mutations

You cannot wear most types of armour.
You are very stealthy in the water. (Stealth+)
You are amphibious.
You can wear up to eight rings at the same time.
You can use your tentacles to constrict eight enemies at once.
Your skin changes colour to match your surroundings (Stealth+).
Your rubbery body absorbs attacks. (AC +1, EV +1)


Message History

You hit the yak but do no damage.
The yak is moderately wounded.
The yak gores you.
You feel very mighty all of a sudden. The yak closely misses you.
You hit the yak. You squeeze the yak.
The yak is severely wounded.
The yak closely misses you.
You hit the yak but do no damage.
The yak is severely wounded.
The yak gores you!
* * * LOW HITPOINT WARNING * * *
You completely miss the yak.
The yak is severely wounded.
The yak gores you!
* * * LOW HITPOINT WARNING * * *
You puncture the yak!
The yak is almost dead.
The yak gores you!
You die...

#.###.##.##.#
#.##..........# ..#.
#........##.#.......
##.......##.#.#.Y..
#........#.#.#..#
#............Y..#
##.....###...Y.
##....#####.#
####...@YYY#
#########


You could see 3 yaks.

Vanquished Creatures
  A crimson imp (D:5)
  2 orc priests (D:3)
  2 hounds
  An iguana (D:3)
  Natasha (thrice) (D:3)
  A worker ant (D:5)
  7 adders
  4 oozes
  An adder skeleton (D:4)
  4 worms
  3 dart slugs
  A leopard gecko (D:3)
  14 orcs (D:3)
  6 ball pythons
  3 giant cockroaches
  13 goblins
  9 hobgoblins
  7 jackals (D:2)
  2 quokkas (D:3)
  9 bats
  6 frilled lizards
  11 kobolds
  A leopard gecko skeleton (D:4)
  6 rats
117 creatures vanquished.

Notes
Turn   | Place    | Note
-------+----------+-------------------------------------------
     0 | D:1      | wilfster70 the Octopode Fighter began the quest for the Orb.
     0 | D:1      | Reached XP level 1. HP: 16/16 MP: 1/1
    92 | D:1      | Reached XP level 2. HP: 20/21 MP: 2/2
   276 | D:1      | Reached XP level 3. HP: 26/26 MP: 3/3
  1224 | D:2      | Reached XP level 4. HP: 31/31 MP: 4/4
  2200 | D:2      | Reached XP level 5. HP: 37/37 MP: 5/5
  2961 | D:3      | Found a white marble altar of Elyvilon.
  3331 | D:3      | Noticed Natasha
  3343 | D:3      | Killed Natasha
  3343 | D:3      | Reached XP level 6. HP: 22/43 MP: 6/6
  3829 | D:3      | Noticed Natasha
  3835 | D:3      | Killed Natasha
  4196 | D:3      | Noticed Natasha
  4201 | D:3      | Killed Natasha
  4282 | D:3      | Reached XP level 7. HP: 49/49 MP: 7/7
  4344 | D:5      | Entered Level 5 of the Dungeon
  4412 | D:5      | Noticed a yak
  4413 | D:5      | Noticed a yak
  4413 | D:5      | Noticed a yak
  4435 | D:5      | HP: 1/49 [yak (8)]
  4436 | D:5      | Mangled by a yak

Skill      XL: |  1  2  3  4  5  6  7 |
---------------+----------------------+-----
Polearms       | 3 4 |  4.0
Fighting       | 4 |  4.7
Shields        | 4 |  4.7
Dodging        | 4 |  4.6

Action                   |  1- 3 |  4- 6 |  7- 9 || total
-------------------------+-------+-------+-------++-------
Melee: Trident           |    74 |   156 |    28 ||   258
       Constrict         |    17 |    43 |     4 ||    64
       Tentacles         |    13 |    29 |     4 ||    46
Throw: Stone             |     5 |    11 |       ||    16
  Use: Scroll            |       |       |     3 ||     3
       Potion            |       |       |     1 ||     1
 Stab: Sleeping          |     8 |     3 |       ||    11
  Eat: Chunk             |     1 |    10 |       ||    11
Armor: Skin              |     5 |    10 |       ||    15
Dodge: Dodged            |    23 |    71 |    15 ||   109
Block: Shield            |    34 |    78 |     2 ||   114
